 Dungeon Crawl Stone Soup version 0.24.0-2-g5b39cebb1c (webtiles) character file.

Game seed: 646631702330495474, levelgen mode: deterministic

170 Aviak the Chopper (level 5, 0/48 HPs)
             Began as a Hill Orc Monk on Oct 30, 2019.
             Hit by a stone thrown by a gnoll (2 damage)
             ... on level 2 of the Dungeon.
             The game lasted 00:02:57 (2114 turns).

Aviak the Chopper (Hill Orc Monk)                   Turns: 2114, Time: 00:02:58

Health: 0/48       AC:  5    Str: 15    XL:     5   Next: 50%
Magic:  5/5        EV: 12    Int: 15    God:
Gold:   86         SH:  0    Dex: 13    Spells: 4/4 levels left

rFire    . . .     SeeInvis .   a - +0 hand axe
rCold    . . .     Gourm    .   (no shield)
rNeg     . . .     Faith    .   e - +0 ring mail
rPois    .         Spirit   .   (no helmet)
rElec    .         Reflect  .   (no cloak)
rCorr    .         Harm     .   (no gloves)
MR       .....                  (no boots)
Stlth    +.........             (no amulet)
HPRegen  0.16/turn              d - +5 ring of intelligence
MPRegen  0.09/turn              (no ring)

@: lethally poisoned (0 -> -1)
A: no striking features
a: no special abilities


You were on level 2 of the Dungeon.
You were not hungry.

You visited 1 branch of the dungeon, and saw 2 of its levels.

You collected 86 gold pieces.

Inventory:

Hand Weapons
 a - a +0 hand axe (weapon)
Armour
 b - a +0 robe
 e - a +0 ring mail (worn)
Jewellery
 d - a +5 ring of intelligence (left hand)
Scrolls
 f - a scroll of remove curse {unknown}
 g - a scroll of magic mapping {unknown}
Comestibles
 c - 4 rations


   Skills:
 + Level 5.1 Fighting
 + Level 5.6 Axes
 + Level 1.8 Armour
 - Level 3.0 Dodging
 - Level 1.5 Stealth


You had 4 spell levels left.
You didn't know any spells.
Your spell library was empty.

Dungeon Overview and Level Annotations

Branches:
Dungeon (2/15)

Altars:


Message History

Unknown command.
* * * LOW HITPOINT WARNING * * *
You feel sick.
Unknown command.
* * * LOW HITPOINT WARNING * * *
You feel sick.
Unknown command.
* * * LOW HITPOINT WARNING * * *
You feel sick.
* * * LOW HITPOINT WARNING * * *
You feel sick.
Unknown command.
* * * LOW HITPOINT WARNING * * *
You feel sick.
Unknown command.
* * * LOW HITPOINT WARNING * * *
You feel sick.
A gnoll comes into view. It is wielding a +0 spear.
The gnoll throws a stone.
The stone hits you.
You die...

#.# #.# #.# #.# #.# #.#
#.# #.# #.# # #.# #g#
#.# # #.# #.# # #.#
#.### #.####...#
############....###.#
#).....<....@.....#.#
#.###########...#.#.#
#####.# ##.##.#.#
......# #...#..#
.###### ####.### #...#
#.# .##.# #.#
.##.#################.#
.##.##................#


You could see a gnoll.

Vanquished Creatures
  Natasha (thrice) (D:2)
  A worker ant (D:2)
  2 adders (D:2)
  An ooze (D:2)
  A worm (D:2)
  A dart slug (D:1)
  3 orcs (D:2)
  3 bats (D:2)
  A giant cockroach (D:2)
  4 goblins
  5 hobgoblins
  8 jackals
  3 kobolds (D:1)
  A frilled lizard (D:2)
  2 rats
39 creatures vanquished.

Notes
Turn   | Place    | Note
-------+----------+-------------------------------------------
     0 | D:1      | Aviak the Hill Orc Monk began the quest for the Orb.
     0 | D:1      | Reached XP level 1. HP: 19/19 MP: 1/1
   171 | D:1      | Reached XP level 2. HP: 26/27 MP: 2/2
  1106 | D:2      | Reached XP level 3. HP: 32/33 MP: 3/3
  1134 | D:2      | HP: 2/51 [orc (5)]
  1374 | D:2      | Reached skill level 5 in Axes
  1374 | D:2      | Reached XP level 4. HP: 41/41 MP: 4/4
  1449 | D:2      | Noticed Natasha
  1461 | D:2      | Killed Natasha
  1461 | D:2      | Reached skill level 1 in Armour
  1461 | D:2      | Noticed Natasha
  1478 | D:2      | Killed Natasha
  1478 | D:2      | Reached XP level 5. HP: 5/47 MP: 5/5
  1772 | D:2      | Reached skill level 5 in Fighting
  2022 | D:2      | Noticed Natasha
  2030 | D:2      | Killed Natasha
  2108 | D:2      | HP: 2/48 [poisoned by a gnoll]
  2114 | D:2      | Hit by a stone thrown by a gnoll

Levels and vault maps discovered:
D:1:      zelgadis_glass_arrival_small, layout_basic,
          corexii_item_surrounded_by_moat
D:2:      layout_loops_ring, uniq_natasha

Skill      XL: |  1  2  3  4  5 |
---------------+----------------+-----
Fighting       | 4 5 |  5.1
Dodging        | 3 |  3.0
Axes           | 5 |  5.6
Armour         | 1 |  1.8
Stealth        | |  1.5

Action                   |  1- 3 |  4- 6 || total
-------------------------+-------+-------++-------
Melee: Hand axe          |    82 |    72 ||   154
  Use: Potion            |     2 |     1 ||     3
       Scroll            |       |     1 ||     1
 Stab: Sleeping          |     3 |       ||     3
  Eat: Chunk             |     1 |     3 ||     4
Armor: Robe              |     6 |       ||     6
       Ring mail         |     3 |    12 ||    15
Dodge: Dodged            |    50 |    66 ||   116
